Unix NetHack Version 5.0.0-0 post-release - last build Jun 10 2026 00:39:30 (3ee93aec679c4c4259841fe613dc97188e26a321,branch:main).

Game began 2026-06-17 13:01:49, ended 2026-06-17 13:29:53.

GdeVolpiano, neutral female human Archeologist

      ---------------                      ---------------
      |...{.........|    -----             |.........>....################
      |..............#   |...|             |.............|               #
      |.............|#   ....|             |.[...........|               #
      |.............|#  #|...|             |.(......*....|               #
      |.............-####|..(|############[[[....[......@f#
      -------.-------####-....#            --------.------*
             #       ### -.---#                 ####     ##        ----------
             #        #########                 #        #         |.!*).+/(|
     #### #**#*       ##      #                ##        #         |.+.!!!).|
        #*   #        #       #              ###         #-----   [-.!%?[.%.|
       #########      #       #              #           #-..(|   #|*)[%?!..|
        #      #      #       #   -----------.----        |.._|  ##|...%?.??|
        #     -.----+-#       ##  |.>............|        |..<| ## ----------
        #     |.).....#        ###-..............|        |....##
     ####     |"....(|            |..............|        -----
        #     |......|            ----------------
              --------

GdeVolpiano the Field Worker  St:15 Dx:8 Co:11 In:15 Wi:18 Ch:8  Neutral
Dlvl:4  $:68 HP:0(41) Pw:38(38) AC:8  Xp:5 T:3554  Hungry   Strained

Latest messages:
 In what direction?
 The chest is empty.
 You swap places with Indy.
 You see here a large box.
 f - a spellbook of slow monster.
 $ - 8 gold pieces (68 in total).
 You see here an iron skull cap.
 The hill orc picks up an arrow.
 You see here a large box.
 Indy picks up an iron skull cap.
 Indy bites the hill orc.
 The hill orc wields a crude dagger!
 In what direction?
 The large box is empty.
 Indy bites the hill orc.
 The hill orc is killed!
 Indy eats a hill orc corpse.
 You swap places with Indy.
 There is an open door here.
 There are several objects here.
 You see here 2 hill orc corpses.
 You can only lift one of the 2 hill orc corpses lying here.
 You have much trouble lifting a hill orc corpse.  Continue? [ynq] (q)
 You have much trouble lifting i - a hill orc corpse.
 You stagger under your heavy load.  Movement is very hard.
 Where do you want to travel to?
 (For instructions type a '?')
 You stop.  Indy is in the way!
 What do you want to drop? [$a-ioBDKMPSVWZ or ?*]
 You drop a hill orc corpse.
 Your movements are now unencumbered.
 The kobold lady hits!
 You kill the kobold lady!
 Indy drops an iron skull cap.
 Indy eats a hill orc corpse.
 You have much trouble lifting a hill orc corpse.  Continue? [ynq] (q)
 You have much trouble lifting j - a hill orc corpse.
 You stagger under your heavy load.  Movement is very hard.
 Where do you want to travel to?
 (For instructions type a '?')
 You swap places with Indy.
 You are beginning to feel hungry.
 Where do you want to travel to?
 (For instructions type a '?')
 The kitten bites!
 The kitten bites!
 The kitten bites!
 The kitten bites!
 You die...
 Do you want your possessions identified? [ynq] (y)

Inventory:
 Coins    ('$')
  $ - 68 gold pieces
 Weapons  (')')
  Z - a +0 aklys (alternate weapon; not wielded)
 Armor    ('[')
  o - an uncursed +0 orcish helm (being worn)
  b - an uncursed +0 leather jacket (being worn)
 Comestibles  ('%')
  B - an uncursed cram ration
  d - 4 uncursed food rations
  j - an uncursed hill orc corpse
 Scrolls  ('?')
  S - an uncursed scroll of light
  W - an uncursed scroll of taming
 Spellbooks  ('+')
  K - an uncursed spellbook of magic mapping
  f - an uncursed spellbook of slow monster
 Potions  ('!')
  a - an uncursed potion of extra healing
  c - an uncursed potion of object detection
 Rings    ('=')
  D - an uncursed ring of searching (on left hand)
  M - an uncursed ring of sustain ability (on right hand)
 Wands    ('/')
  V - a blessed wand of light (0:14)
 Tools    ('(')
  h - an uncursed sack containing 1 item
  e - a +0 pick-axe (weapon in right hand)
 Gems/Stones  ('*')
  P - an uncursed aquamarine stone
  g - an uncursed touchstone

Contents of the sack:
  84 gold pieces

GdeVolpiano the Archeologist's attributes:

Background:
 You were a Field Worker, a level 5 female human Archeologist.
 You were neutral, on a mission for Camaxtli
 who was opposed by Quetzalcoatl (lawful) and Huhetotl (chaotic).
 You were right-handed.
 You were in the Dungeons of Doom, on level 4.
 You entered the dungeon 3554 turns ago.
 There was a new moon in effect when your adventure ended.
 You had 270 experience points, 50 more were needed to attain level 6.

Basics:
 You had 0 out of 41 hit points.
 You had all 38 energy points (spell power).
 Your armor class was 8.
 Your wallet contained 68 zorkmids, and
 you had 84 more stashed away in your pack.
 Autopickup was on for '$?!/="+' plus thrown, with exceptions.

Final Characteristics:
 Your strength was 15 (limit:18/100).
 Your dexterity was 8 (limit:18).
 Your constitution was 11 (limit:18).
 Your intelligence was 15 (limit:18).
 Your wisdom was 18 (limit:18).
 Your charisma was 8 (limit:18).

Final Status:
 You were hungry.
 You were strained; movement was very slowed.
 You were wielding a pick-axe.
 You were skilled in pick-axe.

Final Attributes:
 You were piously aligned.
 You had automatic searching.
 You were stealthy.
 You had fixed abilities.
 You are dead.

Miscellaneous:
 You didn't encounter any bones levels.
 Total elapsed playing time was 28 minutes and 3 seconds.

Major events:
 Turn
    1: GdeVolpiano the neutral female human Archeologist entered the dungeon
 1237: attained the rank of Field Worker (level 3)
 1454: entered the Gnomish Mines
 3554: killed by a kitten

Spells:
 Name                 Level Category     Fail Retention
 slow monster           2   enchantment   94%  76%-100%
 knock                  1   matter        35%  76%-100%

Skills:
 Fighting Skills
   bare handed combat [Unskilled]
   two weapon combat  [Unskilled]
   riding             [Unskilled]
 Weapon Skills
   dagger             [Unskilled]
   knife              [Unskilled]
   pick-axe           [Skilled]
   short sword        [Unskilled]
   saber              [Unskilled]
   club               [Unskilled]
   quarterstaff       [Unskilled]
   sling              [Unskilled]
   dart               [Unskilled]
   boomerang          [Unskilled]
   whip               [Basic]
   unicorn horn       [Unskilled]
 Spellcasting Skills
   attack spells      [Unskilled]
   healing spells     [Unskilled]
   divination spells  [Unskilled]
   matter spells      [Unskilled]

Voluntary challenges:
 Character rerolling was not enabled.
 You never genocided any monsters.
 You never polymorphed an object.
 You used no wishes.
Achievements:
 You entered a shop.
 You attained the rank of Field Worker.
 You entered the Gnomish Mines.

 The Dungeons of Doom: levels 1 to 5
    Level 1:
       An altar, some fountains.
    Level 2:
       A food shop, a fountain, a sink.
    Level 3:
       Some fountains.
    Level 4: <- You were here.
       A general store, an altar to Camaxtli, a fountain.
       Stairs down to The Gnomish Mines.
       Final resting place for
          you, killed by a kitten.
    Level 5:
 The Gnomish Mines:
    Level 5:


Vanquished creatures:
  a small mimic
  a rock mole
  a pony
  a gnome leader
  a kobold mummy
  a straw golem
  a giant ant
  a kitten
  a kobold leader
  8 hill orcs
  a centipede
  6 dwarf zombies
  a werejackal
  4 iguanas
 an acid blob
  3 coyotes
  a hobbit
  a manes
 10 giant rats
  2 cave spiders
  2 yellow molds
  a red mold
  7 geckos
 15 jackals
  3 foxes
  3 kobolds
  3 goblins
  5 grid bugs
  3 lichens
  a kobold zombie
  3 newts
93 creatures vanquished.

No species were genocided or became extinct.

Game over:
                       ----------
                      /          \
                     /    REST    \
                    /      IN      \
                   /     PEACE      \
                  /                  \
                  |   GdeVolpiano    |
                  |      152 Au      |
                  |   killed by a    |
                  |      kitten      |
                  |                  |
                  |                  |
                  |       2026       |
                 *|     *  *  *      | *
        _________)/\\_//(\/(/\)/\//\/|_)_______

Goodbye GdeVolpiano the Archeologist...

You died in The Dungeons of Doom on dungeon level 4 with 1437 points,
and 152 pieces of gold, after 3554 moves.
You were level 5 with a maximum of 41 hit points when you died.

